 Dungeon Crawl Stone Soup version 0.26.0-10-g1f06aea511 (webtiles) character file.

Game seed: 2306885769719214416

175 Dracia the Gusty (level 5, -6/28 HPs)
             Began as a Tengu Air Elementalist on Jan 27, 2021.
             Mangled by Sigmund
             ... wielding a +0 scythe
              (15 damage)
             ... on level 3 of the Dungeon.
             The game lasted 00:06:55 (3426 turns).

Dracia the Gusty (Tengu Air Elementalist)           Turns: 3426, Time: 00:06:56

Health: -6/28      AC:  3    Str:  9    XL:     5   Next: 55%
Magic:  1/10       EV: 15    Int: 16    God:
Gold:   85         SH:  0    Dex: 14    Spells: 3/9 levels left

rFire    . . .     SeeInvis .   b - +0 dagger
rCold    . . .     Faith    .   (no shield)
rNeg     . . .     Spirit   .   a - +0 robe
rPois    .         Reflect  .   (helmet restricted)
rElec    .         Harm     .   (no cloak)
rCorr    .         Rampage  .   d - +0 pair of gloves
Will     .....     Rnd*Tele +   (boots unavailable)
Stlth    ++........             (no amulet)
HPRegen  0.09/turn              t - ring of teleportation (curse)
MPRegen  0.12/turn              (no ring)

@: flying quickly and evasively, quick
A: beak, talons 3, able to fly
a: Stop Flying


You were on level 3 of the Dungeon.
You visited 1 branch of the dungeon, and saw 3 of its levels.

You collected 85 gold pieces.


Innate Abilities, Weirdness & Mutations

You have a beak for a mouth.
You have claws for feet.
You can fly continuously.


   Skills:
 - Level 2.1 Dodging
 - Level 2.0 Stealth
 + Level 2.9 Spellcasting
 - Level 1.3 Conjurations
 * Level 7.3 Air Magic


You had 3 spell levels left.
You knew the following spells:

 Your Spells              Type           Power        Failure   Level
i - Swiftness             Air            25%          1%          2
t - Static Discharge      Conj/Air       16%          10%         3
z - Shock                 Conj/Air       64%          3%          1

Your spell library contained the following spells:

 Spells                   Type           Power        Failure   Level
 Airstrike                Air            12%          9%          4
 Lightning Bolt           Conj/Air       8%           65%         5

Inventory:

Hand Weapons
 b - a +0 dagger (weapon)
Armour
 a - a +0 robe (worn)
 d - a +0 pair of gloves (worn)
Jewellery
 t - a cursed ring of teleportation (left hand)
Wands
 h - a wand of enslavement (8)
Scrolls
 c - 5 scrolls of identify {@r1@r1}
 g - a scroll of teleportation {@r4@r4}
 i - a scroll of amnesia
 j - a scroll of immolation {unknown}
Potions
 f - 2 potions of curing {@q1@q1}

Dungeon Overview and Level Annotations

Branches:
Dungeon (3/15)

Altars:
Makhleb
Sif Muna
Yredelemnul

Annotations:
D:3 Sigmund

#.............
#....................
#....................
#....................
#....................
#....................
#..........).........
#.....†..............
#...?..@{............
#....................
#....................
#....................
#.....$............".
#....................
#....................
#....................


There were no monsters in sight!


Message History

Unknown command.
You hit the giant cockroach.
You kill the giant cockroach!
You hear some strange, mumbled words.
Something tries to affect you, but you resist.
Unknown command.
You hit something but do no damage. Something barely misses you.
Unknown command.
Casting: Shock (safe; 3% risk of failure)
Confirm with . or Enter, or press ? or * to list all spells.
You can't see any susceptible monsters within range! (Use Z to cast anyway.) Unknown command.
Casting: Shock (safe; 3% risk of failure)
Confirm with . or Enter, or press ? or * to list all spells.
You can't see any susceptible monsters within range! (Use Z to cast anyway.)
Casting: Shock (safe; 3% risk of failure)
Confirm with . or Enter, or press ? or * to list all spells.
Okay, then.
Casting: Shock (safe; 3% risk of failure)
Confirm with . or Enter, or press ? or * to list all spells.
Aiming: Shock (safe; 3% risk of failure)
Press: ? - help, Shift-Dir - straight line The zap hits something.
You closely miss something. Something hits you.
You hit something but do no damage. Something hits you!
* * * LOW HITPOINT WARNING * * *
You barely miss something. You claw something. You peck something.
You miss something. You claw something. You peck something. Something hits you!
Ouch! That really hurt!
You die...

Skill      XL: |  1  2  3  4  5 |
---------------+----------------+-----
Air Magic      | 5 6 7 |  7.3
Dodging        | |  2.1
Stealth        | |  2.0
Spellcasting   | |  2.9
Conjurations   | |  1.3

Action                   |  1- 3 |  4- 6 || total
-------------------------+-------+-------++-------
Melee: Dagger            |    37 |    51 ||    88
       Unarmed           |     9 |       ||     9
       Kick              |     9 |    15 ||    24
       Peck              |     3 |     7 ||    10
 Cast: Shock             |    52 |    48 ||   100
       Static Discharge  |       |     4 ||     4
 Abil: Fly               |       |     1 ||     1
  Use: Scroll            |     2 |     6 ||     8
       Potion            |       |     2 ||     2
Armor: Robe              |     9 |    18 ||    27
Dodge: Dodged            |    28 |    79 ||   107

Levels and vault maps discovered:
D:1:      wander_arrival_estate, layout_basic
D:2:      layout_loops_cross, old_standard_altar, general_overflow_altar,
          old_standard_altar, minivault_11, chequers_serial_rivers_small_b,
          hangedman_decor_clover_reticule, minmay_misc_feat_columns,
          uniq_natasha
D:3:      layout_rooms, old_standard_altar, lemuel_coloured_pillars_altar,
          okawaru_metal_pillars_1_2, wad_floor_pattern_1,
          chequers_serial_rivers_large_a, minmay_goblin_outpost, uniq_robin,
          uniq_sigmund, uniq_ijyb

Notes
Turn   | Place    | Note
-------+----------+-------------------------------------------
     0 | D:1      | Dracia the Tengu Air Elementalist began the quest for the
                  | Orb.
     0 | D:1      | Reached XP level 1. HP: 10/10 MP: 4/4
   288 | D:1      | HP: 1/10 [kobold (3)]
   603 | D:1      | Reached XP level 2. HP: 15/15 MP: 4/6
   606 | D:1      | Learned a level 2 spell: Swiftness
   838 | D:1      | Reached skill level 5 in Air Magic
  1178 | D:1      | Reached XP level 3. HP: 16/19 MP: 3/7
  1817 | D:2      | Noticed Natasha
  1823 | D:2      | Killed Natasha
  1824 | D:2      | Reached skill level 6 in Air Magic
  1824 | D:2      | Reached XP level 4. HP: 19/24 MP: 1/8
  2144 | D:2      | Found a burning altar of Makhleb.
  2281 | D:2      | Found a basalt altar of Yredelemnul.
  2284 | D:2      | Found a shimmering blue altar of Sif Muna.
  2709 | D:2      | Noticed Natasha
  2715 | D:2      | Killed Natasha
  2716 | D:2      | Gained mutation: You can fly continuously. [Tengu growth]
  2716 | D:2      | Reached XP level 5. HP: 9/28 MP: 5/9
  3071 | D:3      | Noticed Robin
  3080 | D:2      | Learned a level 3 spell: Static Discharge
  3084 | D:3      | Reached skill level 7 in Air Magic
  3112 | D:2      | Noticed Natasha
  3151 | D:2      | Killed Natasha
  3316 | D:3      | Killed Robin
  3396 | D:3      | Noticed Sigmund
  3426 | D:3      | Mangled by Sigmund

Vanquished Creatures
  Natasha (thrice) (D:2)
  Robin (D:3)
  2 adders (D:2)
  An ooze (D:1)
  An adder skeleton (D:2)
  A dart slug (D:1)
  A worm (D:2)
  A leopard gecko (D:3)
  An orc (D:3)
  3 giant cockroaches
  14 goblins
  3 hobgoblins
  2 jackals (D:2)
  6 kobolds
  2 quokkas (D:2)
  7 bats
  8 frilled lizards
  6 rats
63 creatures vanquished.

Table legend: (Time is in decaauts)
 A = Elapsed time spent in this place.
 B = Non-inter-level travel time spent in this place.
 C = Inter-level travel time spent in this place.
 D = Time resting spent in this place.
 E = Time spent auto-exploring this place.
 F = Levels seen in this place.
 G = Mean time per level.
                   A        B        C        D        E       F      G
               +--------+--------+--------+--------+--------+-----+--------+
         Total |   3413 |   3379 |     34 |    768 |   2230 |   3 | 1137.7 |
       Dungeon |   3413 |   3379 |     34 |    768 |   2230 |   3 | 1137.7 |
               +--------+--------+--------+--------+--------+-----+--------+

Top non-repeatable levels by time:
     D:1: 1657 daAuts
     D:2: 1631 daAuts
     D:3: 124 daAuts

Table legend:
 A = Non-vault XP
 B = Vault XP
 C = Vault XP percentage of total XP
 D = Non-vault monster count
 E = Vault monster count
 F = Vault count percentage of total count
                 A         B        C        D         E       F
            +---------+---------+-------+---------+---------+-------
      Total |     182 |      69 |  27.5 |      51 |      12 |  19.0
            +---------+---------+-------+---------+---------+-------
        D:1 |      47 |       0 |   0.0 |      26 |       0 |   0.0
        D:2 |     124 |      44 |  26.2 |      20 |       6 |  23.1
        D:3 |      11 |      25 |  69.4 |       5 |       6 |  54.5
            +---------+---------+-------+---------+---------+-------
